 Dungeon Crawl Stone Soup version 0.27-a0-1456-gf5a116941d (webtiles) character file.

Game seed: 7576528477711080109

1080 Sabo the Spear-Bearer (level 8, -2/65 HPs)
             Began as a Merfolk Gladiator on July 5, 2021.
             Was a Believer of Ashenzari.
             Succumbed to a killer bee's poison
             ... on level 5 of the Dungeon.
             The game lasted 00:28:30 (4910 turns).

Sabo the Spear-Bearer (Merfolk Gladiator)           Turns: 4910, Time: 00:28:31

Health: -2/65      AC: 10    Str: 16    XL:     8   Next: 29%
Magic:  17/17      EV:  9    Int: 12    God:    Ashenzari [**....]
Gold:   177        SH:  0    Dex: 20    Spells: 7/7 levels left

rFire    . . .     SeeInvis +   u - +7 flail "At What Cost Knowledge?" {holy, *Slow rN+ Int+4 Dex+5, Elem, Melee} (curse)
rCold    . . .     Faith    .   (no shield)
rNeg     + . .     Spirit   .   w - +0 chain mail
rPois    .         Reflect  .   c - +0 helmet "At What Cost Knowledge?" {Melee, Elem} (curse)
rElec    .         Harm     .   (no cloak)
rCorr    .         Rampage  .   (no gloves)
Will     .....                  (no boots)
Stlth    ..........             b - amulet of the Lashed Visionary {Regen+, Fort, Self} (curse)
HPRegen  1.20/turn              l - ring "Oblivion of Ashenzari" {MP+9, Evo, Self} (curse)
MPRegen  0.15/turn              (no ring)

@: lethally poisoned (-2 -> -14)
A: (nimble swimmer 2), mertail
a: Renounce Religion, Shatter the Chains


You were on level 5 of the Dungeon.
You worshipped Ashenzari.
Ashenzari was pleased with you.
You visited 1 branch of the dungeon, and saw 5 of its levels.
You also visited: Sewer.

You collected 177 gold pieces.

Inventory:

Hand Weapons
 a - a +1 trident of flaming
 q - a +3 whip of venom
 r - a +0 shortbow
 u - the cursed +7 flail "At What Cost Knowledge?" (weapon) {holy, *Slow rN+ Int+4 Dex+5, Elem, Melee}
   (You found it on level 4 of the Dungeon)

   It has been blessed by the Shining One to cause great damage to the undead
   and demons.
   Int:       It affects your intelligence (+4).
   Dex:       It affects your dexterity (+5).
   rN:        It protects you from negative energy.
   *Slow:     It may slow you when you take damage.
   It has a curse which improves the following skills: Elements: Fire Magic, Ice
   Magic, Air Magic and Earth Magic.
   Melee Combat: Short Blades, Long Blades, Axes, Maces & Flails, Polearms,
   Staves and Unarmed Combat.
Missiles
 d - 3 throwing nets (quivered)
 i - 43 sling bullets
 k - 120 arrows
 n - 16 poisoned darts
 t - 66 bolts
Armour
 c - the cursed +0 helmet "At What Cost Knowledge?" (worn) {Melee, Elem}

   It has a curse which improves the following skills: Melee Combat: Short
   Blades, Long Blades, Axes, Maces & Flails, Polearms, Staves and Unarmed
   Combat.
   Elements:  Fire Magic, Ice Magic, Air Magic and Earth Magic.
 w - a +0 chain mail (worn)
Jewellery
 b - the cursed amulet of the Lashed Visionary (around neck) {Regen+, Fort, Self}
   (You found it on level 2 of the Dungeon)

   [amulet of regeneration]

   Regen:     It increases your rate of health regeneration.
   It has a curse which improves the following skills: Fortitude: Armour and
   Shields.
   Introspection: Fighting and Spellcasting.
 l - the cursed ring "Oblivion of Ashenzari" (left hand) {MP+9, Evo, Self}
   (You found it on level 1 of the Dungeon)

   [ring of magical power]

   MP:        It affects your magic capacity (+9).
   It has a curse which improves the following skills: Evocations: Evocations.
   Introspection: Fighting and Spellcasting.
Wands
 m - a wand of paralysis (14)
Scrolls
 f - 3 scrolls of magic mapping
 h - 4 scrolls of teleportation
 x - 2 scrolls of enchant armour
 y - a scroll of blinking
Potions
 e - a potion of lignification
 g - a potion of might
 j - a potion of cancellation
 o - a potion of heal wounds
 p - 4 potions of curing
 s - a potion of haste


   Skills:
 + Level 4.5(6.7) Fighting
 + Level 0.9(2.1) Maces & Flails
 + Level 9.8(11.9) Polearms
 + Level 2.2 Throwing
 + Level 3.3(4.6) Armour
 + Level 5.5 Dodging
 + Level 2.0 Stealth


You had 7 spell levels left.
You didn't know any spells.
Your spell library contained the following spells:

 Spells                   Type           Power      Damage    Failure   Level
 Animate Skeleton         Necr           0%         N/A       99%         1
 Apportation              Tloc           0%         N/A       99%         1
 Corona                   Hex            0%         N/A       99%         1
 Shock                    Conj/Air       0%         1d3       99%         1
 Summon Small Mammal      Summ           0%         N/A       99%         1
 Inner Flame              Hex/Fire       0%         N/A       100%        3
 Swiftness                Air            0%         N/A       100%        3
 Airstrike                Air            0%         N/A       100%        4
 Cause Fear               Hex            0%         N/A       100%        4
 Alistair's Intoxication  Tmut/Pois      0%         N/A       100%        5
 Borgnjor's Vile Clutch   Necr/Erth      0%         N/A       100%        5
 Eringya's Noxious Bog    Tmut/Pois      0%         N/A       100%        6
 Discord                  Hex            0%         N/A       100%        8


Dungeon Overview and Level Annotations

Branches:
Dungeon (5/15)              Sewer (visited)
 Temple: D:4-7

Altars:
Ashenzari

Shops:
D:1 ?:   D:2 [


Innate Abilities, Weirdness & Mutations

((You are quick and stealthy near water. (Stealth+, EV+, Speed+++)))
Your lower body shifts to a powerful aquatic tail in water.


Message History

The killer bee is moderately wounded.
The killer bee stings you but does no damage.
The killer bee stings you. The killer bee barely misses you.
The killer bee completely misses you.
The killer bee stings you but does no damage. x2
The killer bee stings you.
You are poisoned.
The killer bee poisons you!
The killer bee stings you but does no damage.
Your chain mail prevents you from hitting the killer bee.
The killer bee is moderately wounded.
You feel very sick. The killer bee stings you.
* * * LOW HITPOINT WARNING * * *
The killer bee stings you.
* * * LOW HITPOINT WARNING * * *
The killer bee stings you.
* * * LOW HITPOINT WARNING * * *
The killer bee stings you but does no damage. x3
The killer bee closely misses you. x2; The killer bee barely misses you.
The killer bee stings you but does no damage.
You hit the killer bee.
The killer bee is heavily wounded.
You feel sick. The killer bee barely misses you. The killer bee stings you.
* * * LOW HITPOINT WARNING * * *
The killer bee stings you.
* * * LOW HITPOINT WARNING * * *
The killer bee misses you.
The killer bee stings you but does no damage.
The killer bee barely misses you. x2; The killer bee stings you.
* * * LOW HITPOINT WARNING * * *
You are more poisoned.
The killer bee poisons you! The killer bee stings you.
* * * LOW HITPOINT WARNING * * *
You are more poisoned.
The killer bee poisons you! The killer bee stings you.
* * * LOW HITPOINT WARNING * * *
As you read the scroll of summoning, it crumbles to dust.
Wisps of shadow whirl around you...
You die...

##.#..........
#..<..........
#.............
#..#..........
,
####..........
* ,
#............,
,
###l..s......
, #yyy.......
* #.@yy......
####Z...... ,
#...... , ,
#.... , ,...#
, ,..# , , . ,
, , , * , ,


You could see 5 killer bees, a friendly scorpion (summoned), a friendly iguana
(summoned) and a friendly hound zombie (summoned).

Vanquished Creatures
  Sigmund (D:2)
  Menkaure (D:5)
  A sky beast (D:3)
  2 black bears (D:4)
  A centaur (D:4)
  A bullfrog (Sewer)
  2 howler monkeys (D:4)
  2 hounds (D:3)
  An iguana (D:4)
  7 adders
  A river rat (D:4)
  4 worms
  3 dart slugs
  6 orcs
  3 bats
  16 endoplasms
  14 giant cockroaches
  2 goblins (D:1)
  7 hobgoblins
  4 jackals (D:1)
  7 kobolds
  8 quokkas
  16 ball pythons
  18 frilled lizards
  11 rats
139 creatures vanquished.

Notes
Turn   | Place    | Note
-------+----------+-------------------------------------------
     0 | D:1      | Sabo the Merfolk Gladiator began the quest for the Orb.
     0 | D:1      | Reached XP level 1. HP: 16/16 MP: 1/1
   162 | D:1      | Found a faded altar of an unknown god.
   285 | D:1      | Became a worshipper of Ashenzari the Shackled
   296 | D:1      | Reached XP level 2. HP: 22/22 MP: 2/2
   371 | D:1      | Found Fatyex's Book Boutique.
   450 | D:1      | Reached skill level 5 in Polearms
  1129 | D:1      | Reached XP level 3. HP: 27/27 MP: 3/3
  1170 | D:1      | Found Iskory's Magic Scroll Boutique.
  1694 | D:2      | Reached skill level 6 in Polearms
  1694 | D:2      | Noticed Sigmund
  1710 | D:2      | Reached * piety under Ashenzari
  1747 | D:2      | Reached XP level 4. HP: 35/35 MP: 4/4
  1957 | D:2      | Found Vueddu's Armour Shop.
  2466 | D:2      | Killed Sigmund
  2467 | D:2      | Reached skill level 7 in Polearms
  2467 | D:2      | Reached skill level 1 in Armour
  2467 | D:2      | Reached skill level 1 in Stealth
  2467 | D:2      | Reached XP level 5. HP: 19/42 MP: 5/5
  2618 | D:3      | Found a broken altar of Ashenzari.
  2685 | D:3      | Reached XP level 6. HP: 48/48 MP: 6/6
  2705 | D:3      | Reached ** piety under Ashenzari
  2764 | D:3      | Reached skill level 5 in Dodging
  2915 | D:3      | Noticed a sky beast
  2940 | D:3      | Killed a sky beast
  3177 | D:3      | Reached skill level 8 in Polearms
  3597 | D:4      | Reached XP level 7. HP: 52/57 MP: 7/7
  3651 | D:4      | Found a glowing drain.
  3714 | Sewer    | Entered a sewer
  4132 | Sewer    | Reached skill level 9 in Polearms
  4302 | D:4      | Reached XP level 8. HP: 60/65 MP: 8/8
  4395 | D:4      | Identified the +7 flail "Tess" {holy, *Slow rN+ Int+4
                  | Dex+5}
  4884 | D:5      | Entered Level 5 of the Dungeon
  4895 | D:5      | Noticed Menkaure
  4903 | D:5      | Killed Menkaure
  4909 | D:5      | HP: 2/65 [killer bee (2)]
  4910 | D:5      | Succumbed to a killer bee's poison

Illustrated notes

Levels and vault maps discovered:
D:1:      dpeg_arrival_ratfight, layout_basic, basic_ecumenical_altar,
          serial_shops, nicolae_shop_waterfront, shop_scrolls,
          minmay_pentomino_t4
D:2:      layout_basic, serial_shops, shop, uniq_sigmund
D:3:      layout_loops_corners, lemuel_tele_altar, serial_park_tiny_2
D:4:      layout_loops_ring, cheibrodos_sewer_entry_sluice
D:5:      layout_cave_pools, ebering_ghost_rock_garden, chequers_arboretum,
          grunt_tough_drop, uniq_menkaure, uniq_ijyb, uniq_blork_the_orc

Skill      XL: |  1  2  3  4  5  6  7  8 |
---------------+-------------------------+-----
Polearms       | 5 6 7 8 9 |  9.8
Fighting       | 3 4 |  4.5
Armour         | 1 2 3 |  3.3
Stealth        | 1 2 |  2.0
Dodging        | 5 |  5.5
Maces & Flails | |  0.9
Throwing       | |  2.2

Action                   |  1- 3 |  4- 6 |  7- 9 || total
-------------------------+-------+-------+-------++-------
Melee: Trident           |    88 |   137 |   235 ||   460
       Tailslap          |     1 |       |    19 ||    20
       Flail             |       |       |    20 ||    20
Invok: Curse Item        |     2 |     1 |     1 ||     4
  Use: Potion            |       |     1 |       ||     1
       Scroll            |       |       |     4 ||     4
 Stab: Sleeping          |     2 |       |       ||     2
Armor: Leather armour    |    18 |       |       ||    18
       Ring mail         |     1 |    26 |       ||    27
       Chain mail        |       |    12 |   159 ||   171
Dodge: Dodged            |    64 |    67 |   135 ||   266

Table legend: (Time is in decaauts)
 A = Elapsed time spent in this place.
 B = Non-inter-level travel time spent in this place.
 C = Inter-level travel time spent in this place.
 D = Time resting spent in this place.
 E = Time spent auto-exploring this place.
 F = Levels seen in this place.
 G = Mean time per level.
                   A        B        C        D        E       F      G
               +--------+--------+--------+--------+--------+-----+--------+
         Total |   4778 |   4778 |      0 |    491 |      0 |   6 |  796.3 |
       Dungeon |   4391 |   4391 |      0 |    391 |      0 |   5 |  878.2 |
         Sewer |    386 |    386 |      0 |    100 |      0 |   1 |  386.0 |
               +--------+--------+--------+--------+--------+-----+--------+

Top non-repeatable levels by time:
     D:1: 1373 daAuts
     D:2: 1179 daAuts
     D:3: 952 daAuts
     D:4: 857 daAuts
   Sewer: 386 daAuts
     D:5: 29 daAuts
